 Dungeon Crawl Stone Soup version 0.27-a0-686-gaed091b46b (webtiles) character file.

Game seed: 4357623455587221158

871 sahdkjhfkaj the Digger (level 7, -6/54 (59) HPs)
             Began as a Grey Draconian Brigand on Mar 20, 2021.
             Was a Follower of Ashenzari.
             Mangled by Prince Ribbit (13 damage)
             ... on level 5 of the Dungeon.
             The game lasted 00:06:42 (5807 turns).

sahdkjhfkaj the Digger (Grey Draconian Brigand)     Turns: 5807, Time: 00:06:43

HP:   -6/54 (59)    AC: 12    Str: 14    XL:     7   Next: 73%
MP:   9/9           EV: 15    Int: 13    God:    Ashenzari [*.....]
Gold: 208           SH:  0    Dex: 12    Spells: 5/9 levels left

rFire    . . .     SeeInvis .   a - +1 dagger (flame)
rCold    . . .     Faith    .   (no shield)
rNeg     . . .     Spirit   .   (armour unavailable)
rPois    .         Reflect  .   (helmet restricted)
rElec    .         Harm     .   l - +0 cloak of Ashenzari's Malaise {Elem, Evo} (curse)
rCorr    .         Rampage  .   (no gloves)
Will     .....                  (no boots)
Stlth    +++.......             (no amulet)
HPRegen  0.18/turn              i - ring of Desmomancy {EV+4, Range, Elem} (curse)
MPRegen  0.11/turn              (no ring)

@: drained
A: AC +11, unfitting armour, unbreathing 2, cold-blooded
a: Renounce Religion, Shatter the Chains


You were on level 5 of the Dungeon.
You worshipped Ashenzari.
Ashenzari was aware of your devotion.
You visited 1 branch of the dungeon, and saw 5 of its levels.

You collected 208 gold pieces.

Inventory:

Hand Weapons
 a - a +1 dagger of flaming (weapon)
Missiles
 c - 58 poisoned darts (quivered)
 d - 2 curare-tipped darts
Armour
 l - the cursed +0 cloak of Ashenzari's Malaise (worn) {Elem, Evo}

   It has a curse which improves the following skills: Elements: Fire Magic, Ice
   Magic, Air Magic and Earth Magic.
   Evocations: Evocations.
Jewellery
 i - the cursed ring of Desmomancy (right hand) {EV+4, Range, Elem}
   (You took it off a hobgoblin on level 2 of the Dungeon)

   [ring of evasion]

   It affects your evasion (+4).
   It has a curse which improves the following skills: Ranged Combat: Slings,
   Bows, Crossbows and Throwing.
   Elements:  Fire Magic, Ice Magic, Air Magic and Earth Magic.
Wands
 g - a wand of random effects (19)
Scrolls
 h - a scroll of enchant weapon
 m - a scroll of amnesia
Potions
 f - a potion of resistance
 k - a potion of flight


   Skills:
 - Level 4.0 Fighting
 - Level 3.5 Short Blades
 - Level 1.7(2.5) Throwing
 - Level 0.8 Dodging
 - Level 4.5 Stealth
 + Level 1.7 Spellcasting
 - Level 4.5 Transmutations
 - Level 5.4(7.0) Earth Magic


You had 5 spell levels left.
You knew the following spells:

 Your Spells              Type           Power      Damage    Failure   Level
a - Petrify               Tmut/Erth      16%        N/A       24%         4

Your spell library contained the following spells:

 Spells                   Type           Power      Damage    Failure   Level
 Beastly Appendage        Tmut           24%        N/A       4%          1
 Wereblood                Tmut           12%        N/A       6%          2
 Summon Small Mammal      Summ           4%         N/A       26%         1
 Spider Form              Tmut/Pois      3%         N/A       30%         3
 Call Imp                 Summ           1%         N/A       36%         2
 Call Canine Familiar     Summ           1%         N/A       61%         3
 Confusing Touch          Hex            1%         N/A       61%         3
 Gell's Gravitas          Tloc           0%         N/A       61%         3
 Summon Guardian Golem    Hex/Summ       1%         N/A       61%         3
 Ice Form                 Ice/Tmut       7%         N/A       69%         4
 Blade Hands              Tmut           6%         N/A       75%         5
 Summon Ice Beast         Ice/Summ       1%         N/A       94%         4
 Summon Lightning Spire   Summ/Air       1%         N/A       94%         4
 Yara's Violent Unravell  Hex/Tmut       3%         3d4       96%         5
 Metabolic Englaciation   Hex/Ice        0%         N/A       100%        5


Dungeon Overview and Level Annotations

Branches:
Dungeon (5/15)             Temple (0/1) D:5

Altars:
Ashenzari
Dithmenos
Fedhas
Gozag
Kikubaaqudgha
Uskayaw
Zin

Shops:
D:4 ?

Annotations:
D:5 Prince Ribbit


Innate Abilities, Weirdness & Mutations

Your dull iron-grey scales are very hard. (AC +11)
You cannot fit into any form of body armour.
You can survive without breathing, even under water.
You are cold-blooded and may be slowed by cold attacks.


Message History

The orc is heavily wounded.
The orc misses you. x2
You hit the orc but do no damage.
The orc is heavily wounded.
Your hearing returns.
The orc hits you with a +0 hand axe.
* * * LOW HITPOINT WARNING * * *
The orc closely misses you. The orc hits you but does no damage.
You hit the orc. You burn the orc.
You kill the orc!
The orc barely misses you.
You hit the quokka. You burn the quokka.
The quokka is almost dead.
The orc barely misses you. The quokka barely misses you.
The orc hits you but does no damage.
You barely miss the quokka.
The quokka is almost dead.
The quokka closely misses you. The orc closely misses you. x2
You hit the quokka but do no damage.
The quokka is almost dead.
The quokka bites you but does no damage.
The orc closely misses you.
Prince Ribbit blinks!
You hit the orc. You burn the orc.
The orc is almost dead.
The orc hits you but does no damage. The quokka barely misses you.
The orc completely misses you.
You hit the orc. You burn the orc.
You kill the orc!
The quokka completely misses you.
Unknown command.
You hit the orc. You burn the orc.
The orc is heavily wounded.
The quokka bites you but does no damage.
The orc hits you with a +0 mace!
* * * LOW HITPOINT WARNING * * *
Unknown command.
You hit the orc. You burn the orc.
You kill the orc!
Prince Ribbit hits you!
You die...

# #(#.# #
####...#####
#
...o........#
#####
.....#...##.#
.....
..o..##..##.#
###### ..o.
#...#o#
.....# ...
##o.#.#
####.# ...
#Fr#.# ####!#
#@)..# .....#
###### ####.#
...### ##.


You could see Prince Ribbit, an orc and a quokka.

Vanquished Creatures
  Pikel (D:4)
  An ogre (D:4)
  2 lemures (D:4)
  A hound (D:5)
  Jessica (D:2)
  Ijyb (D:5)
  An orc wizard (D:5)
  2 worker ants
  Terence (D:3)
  7 adders
  An adder skeleton (D:4)
  6 worms
  5 dart slugs
  A leopard gecko (D:4)
  8 orcs
  2 ball pythons (D:4)
  4 bats
  3 giant cockroaches
  5 goblins
  5 hobgoblins
  2 jackals (D:1)
  4 quokkas
  7 frilled lizards
  6 kobolds
  A quokka skeleton (D:4)
  6 rats
84 creatures vanquished.

Notes
Turn   | Place    | Note
-------+----------+-------------------------------------------
     0 | D:1      | sahdkjhfkaj the Draconian Brigand began the quest for the
                  | Orb.
     0 | D:1      | Reached XP level 1. HP: 17/17 MP: 1/1
   345 | D:1      | Reached XP level 2. HP: 25/25 MP: 2/2
   876 | D:2      | Found a shadowy altar of Dithmenos.
   915 | D:2      | Reached XP level 3. HP: 31/31 MP: 3/3
   925 | D:2      | Found a blossoming altar of Fedhas.
  1217 | D:2      | Found an ancient bone altar of Kikubaaqudgha.
  1469 | D:2      | Reached XP level 4. HP: 33/38 MP: 4/4
  1511 | D:2      | Noticed Jessica
  1519 | D:2      | Killed Jessica
  1818 | D:2      | Found a broken altar of Ashenzari.
  1887 | D:2      | Became a worshipper of Ashenzari the Shackled
  2116 | D:3      | Noticed Terence
  2134 | D:3      | Killed Terence
  2254 | D:3      | Found a faded altar of an unknown god.
  2309 | D:3      | Reached XP level 5. HP: 34/46 MP: 5/5
  2784 | D:3      | Learned a level 4 spell: Petrify
  3050 | D:3      | Found a glowing silver altar of Zin.
  3053 | D:3      | Found an opulent altar of Gozag.
  3055 | D:3      | Found a hide-covered altar of Uskayaw.
  3447 | D:4      | Noticed an ogre
  3631 | D:4      | Noticed a lemure
  3632 | D:4      | Noticed Pikel
  3634 | D:4      | Noticed a lemure
  3634 | D:4      | Noticed a lemure
  3634 | D:4      | Noticed a lemure
  3904 | D:4      | Killed a lemure
  3910 | D:4      | Killed a lemure
  3926 | D:4      | Killed Pikel
  3927 | D:4      | Reached skill level 3 in Earth Magic
  3927 | D:4      | Reached XP level 6. HP: 13/52 MP: 6/6
  3927 | D:4      | Your scales start taking on a dull iron-grey colour.
  3927 | D:4      | Reached skill level 4 in Earth Magic
  3927 | D:4      | Reached XP level 7. HP: 14/59 MP: 7/7
  3927 | D:4      | Gained mutation: You can survive without breathing. [Grey
                  | Draconian growth]
  3927 | D:4      | Gained mutation: You can survive without breathing, even
                  | under water. [Grey Draconian growth]
  4210 | D:4      | Found Avughozu's Magic Scroll Boutique.
  4573 | D:4      | Reached skill level 5 in Earth Magic
  4845 | D:5      | Entered Level 5 of the Dungeon
  4845 | D:5      | Noticed Prince Ribbit
  5039 | D:5      | HP: 2/59 [Prince Ribbit (8)]
  5379 | D:5      | Found a staircase to the Ecumenical Temple.
  5396 | D:5      | Reached * piety under Ashenzari
  5402 | D:5      | Noticed Ijyb
  5405 | D:5      | Killed Ijyb
  5643 | D:5      | Reached skill level 1 in Spellcasting
  5807 | D:5      | Mangled by Prince Ribbit

Illustrated notes

Levels and vault maps discovered:
D:1:      lightli_arrival_statue_moat, layout_loops_ring
D:2:      layout_basic, nicolae_ashenzari_skybound,
          nicolae_dithmenos_shadow_blocks, nicolae_overflow_crystal_walls,
          minmay_misc_feat_five, fedhas_altar_1, uniq_jessica
D:3:      layout_basic, minitemple, chequers_ecumenical_altar_island,
          kennysheep_generic_room_13, uniq_terence
D:4:      layout_gridville, serial_shops, nicolae_shop_behind_doors, uniq_pikel
D:5:      layout_basic, lightli_temple_of_fire,
          minmay_temple_entry_from_below_b, uniq_prince_ribbit1, uniq_ijyb

Skill      XL: |  1  2  3  4  5  6  7 |
---------------+----------------------+-----
Fighting       | 3 4 |  4.0
Stealth        | 4 |  4.5
Short Blades   | 3 |  3.5
Transmutations | 3 4 |  4.5
Earth Magic    | 3 4 5 |  5.4
Spellcasting   | 1 |  1.7
Throwing       | |  1.7
Dodging        | |  0.8

Action                   |  1- 3 |  4- 6 |  7- 9 || total
-------------------------+-------+-------+-------++-------
Melee: Dagger            |    85 |   170 |    58 ||   313
       Tailslap          |    10 |    21 |    14 ||    45
       Whip              |       |    38 |    41 ||    79
Throw: Dart              |       |     2 |       ||     2
 Cast: Petrify           |       |       |     7 ||     7
Invok: Curse Item        |       |     1 |     1 ||     2
  Use: Potion            |       |     1 |     3 ||     4
       Scroll            |       |     1 |     2 ||     3
 Stab: Sleeping          |     7 |     2 |     2 ||    11
       Petrified         |       |       |     3 ||     3
Armor: Skin              |    14 |    36 |    34 ||    84
Dodge: Dodged            |    43 |   152 |    86 ||   281

Table legend: (Time is in decaauts)
 A = Elapsed time spent in this place.
 B = Non-inter-level travel time spent in this place.
 C = Inter-level travel time spent in this place.
 D = Time resting spent in this place.
 E = Time spent auto-exploring this place.
 F = Levels seen in this place.
 G = Mean time per level.
                   A        B        C        D        E       F      G
               +--------+--------+--------+--------+--------+-----+--------+
         Total |   5765 |   5528 |    237 |    467 |   4200 |   5 | 1153.0 |
       Dungeon |   5765 |   5528 |    237 |    467 |   4200 |   5 | 1153.0 |
               +--------+--------+--------+--------+--------+-----+--------+

Top non-repeatable levels by time:
     D:4: 1859 daAuts
     D:3: 1322 daAuts
     D:2: 1218 daAuts
     D:1: 847 daAuts
     D:5: 518 daAuts
